[Event "Late-Titled-Tuesday-Blitz-November-28-2023"]
[Site "Chess.com"]
[Date "2023.11.28"]
[Round "3"]
[White "JuniorJumper"]
[Black "Dr_crypt"]
[Result "1/2-1/2"]
[WhiteElo "2544"]
[BlackElo "2372"]
[TimeControl "180+1"]
[EndTime "14:29:16 PST"]
[Termination "Game drawn by stalemate"]

1. g3 d5 2. Bg2 Nf6 3. b3 b6 4.
Bb2 Bb7 5. d3 e6 6. Nd2 Be7 7.
Ngf3 O-O 8. O-O c5 9. e4 dxe4 10. Ng5 Nbd7 11. Ngxe4 Nxe4 12. Nxe4 Qc8 13. Qg4 e5 14.
Qf3 Rb8 15. g4 Qc7 16. Rae1 f6 17. Qe2 Rfe8 18. Ng3 Bxg2 19. Kxg2 Nf8 20. Qe4 Ne6 21. Bc1 Qd7 22. f4 Nxf4+ 23. Bxf4 exf4 24. Nf5 Bf8 25. Qxf4 Qd5+ 26. Qf3 Qxf3+ 27. Kxf3 g6 28. Ng3 Bd6 29.
Ne4 Be5 30. h4 Kg7 31. Kg2 Rbd8 32. Re2 Bd4 33. Rfe1 Re6 34. Nd2 Rxe2+ 35. Rxe2 Kf7 36. Nc4 b5 37. Nd2 f5 38. gxf5 gxf5 39. Nf3 h6 40. Nxd4 Rxd4 41. Re5 Kg6 42. Rxc5 Rxh4 43. Rxb5 Rg4+ 44.
Kh2 Kg5 45. Rb7 h5 46. c4 Kf4 47. c5 Ke3 48. c6 Rg6 49. Rf7 f4 50. c7 Rc6 51. d4 f3 52. d5 Rc2+ 53. Kg3 f2 54. Rf3+ Ke4 55. Rxf2 Rxc7 56. Rd2 Rd7 57. d6 Ke5 58.
Kh4 Rxd6 59. Re2+ Kd4 60. Kxh5 Kc3 61. Kg4 Rd2 62. Rxd2 Kxd2 63. b4 Kc3 64. b5 Kb4 65. b6 axb6 66. Kf3 Ka3 67. Ke2 Kxa2 68. Kd1 b5 69.
Kc2 b4 70. Kd3 b3 71. Kc3 b2 72. Kd2 b1=Q 73. Kc3 Qb2+ 74. Kd3 Kb3 75. Ke4 Qd2 76.
Kf3 Kc4 77. Kg4 Qf2 78. Kh3 Kd4 79. Kg4 Ke5 80. Kh3 Kf4 1/2-1/2

[Event "Late-Titled-Tuesday-Blitz-November-28-2023"]
[Site "Chess.com"]
[Date "2023.11.28"]
[Round "3"]
[White "German_Bazeev"]
[Black "VitorBronson"]
[Result "1-0"]
[WhiteElo "2813"]
[BlackElo "2515"]
[TimeControl "180+1"]
[EndTime "14:29:23 PST"]
[Termination "German_Bazeev won on time"]

1. c4 c6 2. Nf3 d5 3. e3 Nf6 4.
Nc3 e6 5. b3 Bd6 6. Bb2 O-O 7.
Qc2 Re8 8. Be2 b6 9. Rg1 e5 10. cxd5 cxd5 11. Nb5 Ba6 12. Rc1 d4 13. Nxd6 Qxd6 14.
Qc7 Qb4 15. Nxe5 Bxe2 16. Qxf7+ Kh8 17. Bxd4 Bh5 18. Qb7 Nbd7 19. g4 Nxe5 20. gxh5 Nd3+ 21. Kf1 Qe7 22. Qxe7 Rxe7 23. Rc6 h6 24. f4 Rf8 25. a3 Nc5 26. Rxc5 bxc5 27. Bxc5 Ref7 28. Bxf8 Rxf8 29.
Ke2 Nxh5 30. d4 Re8 31. Kd3 Nf6 32. Rf1 Nd5 33. e4 Nf6 34. e5 Nd5 35. Ke4 Nc3+ 36. Kd3 Nb5 37. d5 Nxa3 38. d6 Kg8 39. Kd4 Kf7 40.
Kd5 Nb5 41. f5 Nc3+ 42. Kd4 Nb5+ 43. Kd5 Nc3+ 44. Kc6 Rxe5 45. d7 Rd5 46. Rc1 Rd3 47.
Ra1 Ne4 48. Rxa7 Kf6 49. Ra8 Rc3+ 50. Kb5 Rxb3+ 51. Kc4 Rc3+ 52. Kb4 Rd3 53. d8=Q+ Rxd8 54. Rxd8 Kxf5 55. Kc4 g5 56. Kd4 Nf6 57. Rf8 Kg6 58. Ra8 Ng4 59. h3 Nf2 60. Ra3 Kh5 61. Rf3 Nd1 62.
Rf1 Nb2 63. Rb1 Na4 64. Rb4 Kh4 65. Rxa4 Kxh3 66. Ke3 g4 67. Kf2 h5 68. Rc4 h4 69.
Kg1 Kg3 70. Rc3+ Kf4 71. Kg2 Kg5 72. Rc4 Kf5 73. Kf2 Kg5 74. Ke3 h3 75. Kf2 Kh4 76. Rc8 g3+ 77. Kf3 h2 78. Kg2 Kg4 79. Rg8+ Kf4 80.
Rf8+ Kg4 81. Rf1 Kh4 82. Rf4+ Kh5 83. Rb4 Kg5 84. Rb3 Kg4 85. Rxg3+ Kh4 86. Rh3+ Kg4 87.
Rxh2 1-0

[Event "Late-Titled-Tuesday-Blitz-November-28-2023"]
[Site "Chess.com"]
[Date "2023.11.28"]
[Round "3"]
[White "PoXerStar"]
[Black "MKlose11"]
[Result "1-0"]
[WhiteElo "2403"]
[BlackElo "2601"]
[TimeControl "180+1"]
[EndTime "14:29:23 PST"]
[Termination "PoXerStar won by checkmate"]

1. d4 Nf6 2. Bf4 g6 3. e3 c5 4. Nf3 b6 5. h3 Bg7 6. c3 O-O 7. Nbd2 Ba6 8. Bxa6 Nxa6 9. O-O Nc7 10. a4 d6 11. Bh2 Qd7 12. Qe2 Rfc8 13. Rfd1 Rab8 14.
e4 cxd4 15. cxd4 d5 16. e5 Nfe8 17. Nb1 Ne6 18. Nc3 N8c7 19. Rdc1 Na6 20. Qxa6 Rc4 21.
Qb5 Qd8 22. Qxd5 Qc8 23. Ne2 Rc2 24. Qe4 Rc4 25. b3 Rc7 26. Rxc7 Qxc7 27. Rc1 Qd7 28. Qc6 Qd8 29. d5 Nc5 30. Qb5 Bh6 31. Rd1 a6 32. Qc4 Rc8 33. Qh4 Bg7 34. d6 exd6 35. exd6 Qxh4 36. Nxh4 Bf6 37. Nf3 Nxb3 38. d7 Ra8 39.
Bc7 Bd8 40. Bxd8 Rxd8 41. Nf4 Nc5 42. Nd5 Kg7 43. Nxb6 a5 44. Rd5 Ne6 45. Ne5 Rb8 46. Nc6 Rxb6 47. d8=Q Nxd8 48. Nxd8 Rb1+ 49. Kh2 Rb2 50.
Rxa5 Rxf2 51. Ra7 Ra2 52. Rxf7+ Kh6 53. Ra7 g5 54. Ne6 Kg6 55. Nd4 h5 56. Nf3 g4 57.
hxg4 hxg4 58. Nd4 Kg5 59. Ra5+ Kf4 60. Ne6+ Ke4 61. Kg3 Rb2 62. Ng5+ Kd4 63. Rb5 Ra2 64. Rb4+ Kc5 65. Rxg4 Ra3+ 66. Kh4 Kd6 67. g3 Ke5 68. Nh3 Kf5 69. Rg5+ Kf6 70. Ra5 Ra1 71. Kg4 Ra3 72. Nf4 Rb3 73. Ra6+ Kf7 74. Kh4 Rb1 75. a5 Rh1+ 76. Kg4 Kg7 77. Ra7+ Kf6 78. a6 Rh8 79. Rb7 Rg8+ 80. Kf3 Ra8 81. a7 Ke5 82. Nd3+ Kf6 83. Nb4 Kg5 84. Nc6 Rf8+ 85. Kg2 Ra8 86. Rb8 Rxa7 87.
Nxa7 Kg4 88. Rb4+ Kf5 89. Nb5 Kg5 90. Nc3 Kh5 91. Rd4 Kg5 92. Rf4 Kh5 93. Nd5 Kg5 94. Ne3 Kh5 95. Rg4 Kh6 96. Kf3 Kh5 97. Kf4 Kh6 98.
Kf5 Kh5 99. Rh4# 1-0

[Event "Late-Titled-Tuesday-Blitz-November-28-2023"]
[Site "Chess.com"]
[Date "2023.11.28"]
[Round "3"]
[White "krzyzan94"]
[Black "HajiyevKanan"]
[Result "1-0"]
[WhiteElo "2749"]
[BlackElo "2510"]
[TimeControl "180+1"]
[EndTime "14:29:24 PST"]
[Termination "krzyzan94 won by checkmate"]

1. e4 c6 2. d4 d5 3. e5 a6 4.
h4 h5 5. Bd3 c5 6. c3 Nc6 7.
Ne2 cxd4 8. cxd4 Qb6 9. Nbc3 e6 10. O-O Bd7 11. Be3 Nh6 12. Rc1 Ng4 13. Na4 Qa7 14. b3 Ba3 15. Rc2 Nb4 16. Rc7 Bxa4 17. bxa4 Qb6 18.
Rc3 Nxd3 19. Qxd3 Be7 20. Rb1 Qd8 21. Rxb7 O-O 22. Rcc7 Bxh4 23. Nf4 Nxe3 24. fxe3 Qg5 25. Qg6 Qxg6 26. Nxg6 Bg5 27. Nxf8 Bxe3+ 28. Kf1 Rxf8 29. Rb4 a5 30. Rb5 Bxd4 31. Rxa5 Bxe5 32. Rc6 Rb8 33.
Rb5 Ra8 34. a5 f6 35. a6 Kf7 36. Rb7+ Kg6 37. a7 Bd4 38. Rcc7 e5 39. Rxg7+ Kf5 40. Rh7 Ke4 41. Ke2 f5 42. a4 f4 43. a5 Be3 44. Rhd7 h4 45. a6 Bd4 46. Rbc7 Be3 47. Rb7 Bd4 48. Rh7 Be3 49. Rhg7 Bd4 50. Rgd7 Be3 51.
Rb5 Rxa7 52. Rb4+ Kf5 53. Rxa7 Bxa7 54. Rb7 Be3 55. a7 Bxa7 56. Rxa7 Kg4 57. Rg7+ Kf5 58.
Rh7 Kg5 59. Kf3 e4+ 60. Kf2 d4 61. Rg7+ Kf5 62. Rg8 d3 63. Rd8 Ke5 64. Rd7 e3+ 65. Kf3 d2 66. Ke2 Ke4 67. Rf7 Ke5 68. Rh7 Ke4 69.
Rxh4 Kf5 70. Rh3 Kg4 71. Rf3 Kg5 72. g3 fxg3 73. Rxg3+ Kf4 74. Rf3+ Kg4 75. Rxe3 Kf4 76. Kxd2 Kf5 77. Kd3 Kf4 78. Re4+ Kf5 79. Kd4 Kf6 80. Re5 Kf7 81. Kd5 Kf6 82. Re1 Kf5 83. Rf1+ Kg4 84. Ke4 Kg3 85. Rf8 Kg2 86. Rf3 Kh2 87. Ke3 Kg2 88. Rf7 Kg1 89. Ke2 Kg2 90. Rg7+ Kh3 91. Kf3 Kh4 92. Rg1 Kh5 93. Kf4 Kh6 94. Kf5 Kh7 95.
Kf6 Kh8 96. Kf7 Kh7 97. Rh1# 1-0

[Event "Late-Titled-Tuesday-Blitz-November-28-2023"]
[Site "Chess.com"]
[Date "2023.11.28"]
[Round "3"]
[White "Rakitic2010"]
[Black "SEBAZZANO"]
[Result "1-0"]
[WhiteElo "2447"]
[BlackElo "2256"]
[TimeControl "180+1"]
[EndTime "14:29:29 PST"]
[Termination "Rakitic2010 won on time"]

1. e4 e6 2. d4 d5 3. Bd3 c5 4.
c3 cxd4 5. exd5 exd5 6. cxd4 Nf6 7. Nc3 Be7 8. h3 O-O 9. Nf3 Nc6 10. Bg5 Ne4 11.
Bxe7 Nxc3 12. Bxd8 Nxd1 13. Rxd1 Rxd8 14. O-O h6 15. Bb5 Ne7 16. Rfe1 Kf8 17. Rc1 Bd7 18. Rc7 Nc6 19. Bxc6 bxc6 20. Ne5 Be8 21. Nxc6 Bxc6 22. Rxc6 Rd7 23. Rec1 Rb8 24. R1c2 Ke7 25. Kh2 Rb4 26. Rd2 Rd6 27. Rc7+ Rd7 28. Rc5 Kd6 29. Ra5 Rc7 30.
Ra6+ Rb6 31. Ra5 Rb4 32. Kg3 Rbc4 33. Ra6+ R4c6 34. Ra5 Rc4 35. b3 Rc3+ 36. f3 R3c6 37. Re2 Kd7 38. Rxd5+ Rd6 39. Rxd6+ Kxd6 40. Kf4 Kd5 41.
Rd2 Rc3 42. Re2 Kxd4 43. Re7 Rc2 44. Rxf7 Rxg2 45. Rxa7 g5+ 46. Kf5 Rf2 47. Kg4 Rg2+ 48. Kh5 Rg3 49. Kxh6 Rxh3+ 50. Kxg5 Rxf3 51. Rc7 Rf2 52. Ra7 Kc3 53. Kg4 Kb4 54. Ra4+ Kc3 55. Kg3 Rf7 56. Rf4 Ra7 57. Rf2 Rg7+ 58. Kf3 Re7 59. Re2 Rf7+ 60. Kg2 Rg7+ 61. Kf1 Rf7+ 62.
Ke1 Kb4 63. Re4+ Ka3 64. Ra4+ Kb2 65. Kd2 Rd7+ 66. Ke3 Re7+ 67. Kd3 Rd7+ 68. Kc4 Rc7+ 69. Kb5 Rb7+ 70. Kc6 Rh7 71. b4 Rh4 72. a3 Kb3 73.
Ra5 Kc4 74. Rc5+ Kb3 75. b5 Kxa3 76. b6 Rh6+ 77. Kb7 Kb4 78. Rc1 Kb5 79. Rb1+ Ka5 80. Ka7 1-0

[Event "Late-Titled-Tuesday-Blitz-November-28-2023"]
[Site "Chess.com"]
[Date "2023.11.28"]
[Round "3"]
[White "mbojan"]
[Black "ural58"]
[Result "1/2-1/2"]
[WhiteElo "2857"]
[BlackElo "2493"]
[TimeControl "180+1"]
[EndTime "14:29:36 PST"]
[Termination "Game drawn - insufficient material"]

1. e4 d5 2. exd5 Qxd5 3. Nc3 Qd6 4. d4 c6 5. Nf3 Bf5 6. Ne5 Nd7 7. Bf4 Nxe5 8. Bxe5 Qb4 9. Qd2 Nf6 10. O-O-O e6 11. a3 Qa5 12. Nb1 Qxd2+ 13. Nxd2 h5 14. f3 h4 15. Nc4 Rd8 16. Ne3 Bg6 17. Bc4 Nd5 18.
Nxd5 exd5 19. Rhe1 Kd7 20. Bd3 Bxd3 21. Rxd3 f6 22.
Bf4 g5 23. Bd2 Bd6 24. h3 Rde8 25. Rde3 Rxe3 26. Rxe3 Bf4 27. Re2 Bxd2+ 28. Kxd2 b6 29. Kd3 Kd6 30. Rf2 Rg8 31. Rf1 f5 32. b3 c5 33.
dxc5+ bxc5 34. b4 g4 35. fxg4 fxg4 36. Rf6+ Ke5 37. Rh6 gxh3 38. Rh5+ Kd6 39. gxh3 Rg3+ 40. Kd2 cxb4 41. Rxh4 bxa3 42. Ra4 Rxh3 43. Rxa7 Kc5 44. Ra8 Kd4 45. Ra4+ Ke5 46. Ra8 Ke4 47. Ra4+ d4 48. Ra8 Rh2+ 49. Kc1 Rh1+ 50. Kd2 Ra1 51. Re8+ Kd5 52.
Rd8+ Kc5 53. Rc8+ Kb5 54. Rb8+ Kc6 55. Rc8+ Kb7 56. Rc4 a2 57. Ra4 Kc6 58. Ra8 d3 59. Kc3 Rh1 60. Rxa2 dxc2 61. Rxc2 Kd7 62. Kd4 Rh6 63.
Ke5 Re6+ 64. Kf5 Rc6 65. Rd2+ Rd6 66. Rh2 Rd5+ 67. Ke4 Ra5 68. Rh6 Rb5 69. Kd4 Ra5 70. Kc4 Rg5 71. Rf6 Ke7 72. Ra6 Rh5 73. Kd4 Kd7 74. Ra1 Ke7 75. Rg1 Kd7 76. Rg7+ Ke6 77. Ke4 Rh4+ 78. Kf3 Ra4 79. Rg6+ Kf5 80. Rb6 Ra3+ 81.
Ke2 Ke4 82. Ke1 Ke3 83. Re6+ Kd3 84. Kf2 Ra8 85. Rf6 Rd8 86. Kf3 Rd7 87. Rf4 Rd4 88.
Rf8 Rd7 89. Kf4 Kd4 90. Kf5 Kd5 91. Kf6 Ra7 92. Rb8 Ra6+ 93. Kf5 Ra1 94. Rd8+ Kc4 95. Ke5 Re1+ 96. Kf4 Re7 97. Rc8+ Kd5 98. Rd8+ Ke6 99. Ke4 Ra7 100. Rd1 Ra4+ 101. Ke3 Ra5 102. Rh1 Re5+ 103. Kf4 Rf5+ 104. Kg4 Rf8 105. Rh6+ Ke5 106. Rh5+ Ke4 107. Rh4 Rg8+ 108. Kh3+ Kf3 109. Ra4 Rh8+ 110. Rh4 Rxh4+ 111. Kxh4 1/2-1/2

[Event "Late-Titled-Tuesday-Blitz-November-28-2023"]
[Site "Chess.com"]
[Date "2023.11.28"]
[Round "3"]
[White "kingofthenil"]
[Black "GMForgacs"]
[Result "1/2-1/2"]
[WhiteElo "2703"]
[BlackElo "2461"]
[TimeControl "180+1"]
[EndTime "14:29:41 PST"]
[Termination "Game drawn by 50-move rule"]

1. e4 e5 2. d4 exd4 3. c3 d5 4. exd5 Qxd5 5. cxd4 Nc6 6. Be3 Nf6 7. Nc3 Bb4 8. Ne2 Bf5 9. a3 Bxc3+ 10. Nxc3 Qd7 11.
d5 Ne7 12. Bb5 c6 13. dxc6 Nxc6 14. O-O O-O 15. Qxd7 Bxd7 16. h3 a6 17. Be2 Rfe8 18.
Rfd1 Be6 19. b4 Ne5 20. Rd4 Rac8 21. Na4 Nc6 22. Rh4 Nd5 23. Bc5 Bxh3 24. Bd3 Be6 25. Bxh7+ Kh8 26. Rd1 Nf6 27. Bc2+ Kg8 28. Nb6 Rcd8 29.
f3 Rxd1+ 30. Bxd1 Rd8 31. Be2 a5 32. b5 Ne5 33. Rd4 Rxd4 34. Bxd4 Nfd7 35. Nxd7 Nxd7 36. Kf2 Kf8 37. Ke3 Ke7 38. Bxg7 f6 39. Bh6 Kd6 40. g4 Kc5 41. f4 Nb6 42. Bg7 Bd7 43. Kf3 Nd5 44.
a4 Nc3 45. Bxf6 Nxe2 46. Kxe2 Bxg4+ 47. Kd2 Kb4 48. b6 Kxa4 49. Kc3 Kb5 50. Bd4 Bf5 51. Be3 a4 52. Bf2 Kc6 53. Kb4 Bc2 54. Be1 Kd5 55. Bd2 Kc6 56. Be3 Kd5 57. Kc3 Bb3 58. Bd4 Ke4 59. Be5 Kf5 60. Kb4 Bd1 61. Bc7 Bc2 62.
Kc3 Bd1 63. Kd2 Bf3 64. Kc3 Bc6 65. Kb4 Ke4 66. Be5 Kd5 67. Bc7 Ke6 68. Ka3 Kd5 69. Be5 Kc4 70. Bc7 Bd7 71. f5 Bxf5 72. Kxa4 Bd7+ 73. Ka5 Kc5 74. Bf4 Kc6 75. Be3 Be6 76. Bf2 Bc4 77. Kb4 Bf1 78. Kc3 Bg2 79. Kd2 Bh1 80. Kd3 Bd5 81. Kc3 Be6 82. Be3 Bd5 83.
Kd2 Kb5 84. Ke2 Bc6 85. Kf2 Kc4 86. Kg3 Kd3 87. Bg1 Ke2 88. Kf4 Kf1 89. Bc5 Ke2 90. Ke5 Kd3 91. Kd6 Kc4 92. Bg1 Kb5 93. Kc7 Bh1 94.
Bh2 Bc6 95. Bg3 Ka6 96. Bf4 Kb5 97. Be3 Kc4 98. Bf2 Kd3 99. Bg1 Ke4 100. Bh2 Kf5 101. Bd6 Ke6 102. Bc5 Kd5 103. Bf2 Ke4 104. Bg3 Kf5 105. Bh4 Kg4 106. Bd8 Kf5 107. Be7 Ke6 108. Bb4 Kd5 109.
Bc3 Ke4 110. Bd2 Kd3 111. Bc1 Kc2 112. Ba3 Kd3 113. Bd6 Kc4 114. Be7 Kd5 115. Bf6 Ke6 116. Bg5 Kf5 117. Bh4 Ke4 118. Bf2 Kf3 119. Bg1 Ke4 120. Bh2 Kd3 121. Bd6 Ke4 122. Bc5 1/2-1/2

[Event "Late-Titled-Tuesday-Blitz-November-28-2023"]
[Site "Chess.com"]
[Date "2023.11.28"]
[Round "4"]
[White "el_sporco"]
[Black "MajorCoast"]
[Result "1-0"]
[WhiteElo "2453"]
[BlackElo "2223"]
[TimeControl "180+1"]
[EndTime "14:31:33 PST"]
[Termination "el_sporco won by resignation"]

1. e4 d5 2. exd5 Qxd5 3. Nc3 Qa5 4. d4 c6 5. Nf3 Nf6 6. Ne5 Bf5 7. Bd3 Bxd3 8.
Qxd3 e6 9. O-O Nbd7 10. Nc4 Qc7 11. Qf3 Nb6 12. Bf4 Qd7 13. Ne5 Qxd4 14. Rad1 Qb4 15. Nxc6 Bc5 16. Nxb4 1-0

[Event "Late-Titled-Tuesday-Blitz-November-28-2023"]
[Site "Chess.com"]
[Date "2023.11.28"]
[Round "4"]
[White "Cristi_Coca"]
[Black "GAO"]
[Result "1-0"]
[WhiteElo "2462"]
[BlackElo "2254"]
[TimeControl "180+1"]
[EndTime "14:32:00 PST"]
[Termination "Cristi_Coca won by resignation"]

1. e4 c5 2. c3 Nc6 3. d4 d5 4. exd5 Qxd5 5. Nf3 Bf5 6. dxc5 Qxd1+ 7. Kxd1 e5 8. b4 a5 9. b5 Nd8 10. c6 bxc6 11. bxc6 Rc8 12. Bb5 Bg4 13. c7+ Ke7 14.
cxd8=Q+ Rxd8+ 15. Ke1 e4 16. Nd4 Nf6 17. Ba3+ 1-0

[Event "Late-Titled-Tuesday-Blitz-November-28-2023"]
[Site "Chess.com"]
[Date "2023.11.28"]
[Round "4"]
[White "SnekkerAndersen"]
[Black "TigrVShlyape"]
[Result "0-1"]
[WhiteElo "2563"]
[BlackElo "2965"]
[TimeControl "180+1"]
[EndTime "14:32:39 PST"]
[Termination "TigrVShlyape won by resignation"]

1. d4 f5 2. Bf4 Nf6 3. e3 g6 4. h4 h6 5. Qf3 d6 6. Bd3 Nc6 7. Nc3 e5 8. dxe5 dxe5 9. Qg3 exf4 10. Qxg6+ Ke7 11. Bc4 Ne5 0-1

[Event "Late-Titled-Tuesday-Blitz-November-28-2023"]
[Site "Chess.com"]
[Date "2023.11.28"]
[Round "4"]
[White "DefiantChair"]
[Black "becemix"]
[Result "1-0"]
[WhiteElo "2618"]
[BlackElo "2388"]
[TimeControl "180+1"]
[EndTime "14:32:46 PST"]
[Termination "DefiantChair won by resignation"]

1. e4 c6 2. d4 g6 3. f4 Bg7 4. Nc3 d5 5. e5 Nh6 6. Be3 f6 7. Nf3 Bg4 8. h3 Bxf3 9. Qxf3 O-O 10. h4 fxe5 11. dxe5 Bxe5 12. h5 d4 13. O-O-O g5 14. Qe4 Qa5 15. Bc4+ Nf7 16. fxg5 1-0

[Event "Late-Titled-Tuesday-Blitz-November-28-2023"]
[Site "Chess.com"]
[Date "2023.11.28"]
[Round "4"]
[White "Squirlolz"]
[Black "LaGuayabaAlbizuista"]
[Result "0-1"]
[WhiteElo "2557"]
[BlackElo "1995"]
[TimeControl "180+1"]
[EndTime "14:33:26 PST"]
[Termination "LaGuayabaAlbizuista won by resignation"]

1. a4 e6 2. e4 d5 3. exd5 exd5 4. d4 Nf6 5. a5 Bd6 6. Nf3 O-O 7. Be2 Bf5 8. O-O c6 9. c3 Nbd7 10. b4 a6 11. Nbd2 Qc7 12. Nb3 Be4 13. h3 Rae8 14.
Be3 Bf4 15. Bxf4 Qxf4 16. Nc5 Nxc5 17. bxc5 Re7 18. Re1 Rfe8 19. Qd2 Qxd2 20. Nxd2 Bd3 21. Reb1 Bxb1 22. Rxb1 Rxe2 23. Nf3 R2e7 24. Ne5 Ne4 25. Rb3 f6 26. Nd3 Nd2 27. Rb2 Nc4 28. Rb1 Nxa5 0-1

[Event "Late-Titled-Tuesday-Blitz-November-28-2023"]
[Site "Chess.com"]
[Date "2023.11.28"]
[Round "4"]
[White "OparinGrigoriy"]
[Black "Alex_Banzea"]
[Result "1-0"]
[WhiteElo "3001"]
[BlackElo "2672"]
[TimeControl "180+1"]
[EndTime "14:33:54 PST"]
[Termination "OparinGrigoriy won by resignation"]

1. Nc3 d5 2. e4 c6 3. Nf3 dxe4 4. Nxe4 Nf6 5. Qe2 Nxe4 6. Qxe4 Be6 7. b3 Nd7 8. Bc4 Nf6 9. Qe2 Bxc4 10. bxc4 e6 11. Rb1 Qc7 12. O-O Be7 13. Rb3 O-O 14. Bb2 Nd7 15. Ne5 Nxe5 16. Bxe5 Qd7 17. Rd3 Qe8 18. Qg4 g6 19. Rh3 f5 20. Rxh7 fxg4 21. Rg7+ Kh8 22. Rxe7+ Kg8 23. Rg7+ Kh8 24. Rxb7+ Rf6 25. Bxf6+ Kg8 26.
Rg7+ Kf8 27. Rh7 1-0

[Event "Late-Titled-Tuesday-Blitz-November-28-2023"]
[Site "Chess.com"]
[Date "2023.11.28"]
[Round "4"]
[White "nindjaxx8"]
[Black "marvinguevara"]
[Result "1-0"]
[WhiteElo "2461"]
[BlackElo "2187"]
[TimeControl "180+1"]
[EndTime "14:33:58 PST"]
[Termination "nindjaxx8 won by resignation"]

1. d4 Nf6 2. c4 e6 3. Nc3 d5 4. Nf3 c5 5. e3 Nc6 6. cxd5 exd5 7. Bd3 Be7 8. dxc5 Bxc5 9. O-O O-O 10. a3 Bg4 11. b4 Bb6 12. Bb2 Rc8 13. h3 Bh5 14. Be2 Re8 15. Nb5 Bg6 16. Nbd4 Nxd4 17.
Nxd4 Ne4 18. Bf3 Nc3 19. Bxc3 Rxc3 20. Rc1 Rxc1 21. Qxc1 Bxd4 22. exd4 Be4 23. Bxe4 dxe4 24. Rd1 g6 25. d5 Re7 26. Qe3 b6 27. d6 Rd7 28. Qd4 Qe8 29. Rc1 Qe6 30. Rc8+ 1-0

[Event "Late-Titled-Tuesday-Blitz-November-28-2023"]
[Site "Chess.com"]
[Date "2023.11.28"]
[Round "4"]
[White "TheCavemanChess"]
[Black "StellarChessPro"]
[Result "1-0"]
[WhiteElo "2720"]
[BlackElo "2518"]
[TimeControl "180+1"]
[EndTime "14:34:05 PST"]
[Termination "TheCavemanChess won by resignation"]

1. d4 g6 2. c4 Bg7 3. Nf3 d6 4. Nc3 Nf6 5. e4 O-O 6. Be2 Nbd7 7. O-O e5 8. Re1 a6 9. Be3 Qe7 10. Qc2 Ng4 11. Bg5 f6 12. Bd2 c6 13. Rad1 b5 14. d5 c5 15. cxb5 axb5 16. Bxb5 f5 17. h3 Ngf6 18. exf5 gxf5 19. Qxf5 Nb6 20. Qd3 Kh8 21. Ng5 h6 22. Nf3 c4 23. Bxc4 Nxc4 24. Qxc4 Nh5 25.
Qh4 Qf7 26. Ne4 Rxa2 27. Nxd6 Qg6 28. Nxc8 Rxc8 29. Nxe5 Qe8 30. Ng4 Qg6 31. Bxh6 Bxh6 32. Nxh6 Qxh6 33. Re5 Rc1 34. Rxh5 Rxd1+ 35. Kh2 1-0

[Event "Late-Titled-Tuesday-Blitz-November-28-2023"]
[Site "Chess.com"]
[Date "2023.11.28"]
[Round "4"]
[White "yoelpolanco"]
[Black "Dontmesswithme_2"]
[Result "0-1"]
[WhiteElo "2264"]
[BlackElo "2466"]
[TimeControl "180+1"]
[EndTime "14:34:09 PST"]
[Termination "Dontmesswithme_2 won by resignation"]

1. d4 d5 2. c4 c6 3. Nc3 Nf6 4. e3 a6 5. h3 Bf5 6. Nf3 e6 7. Bd3 Bg6 8. O-O Nbd7 9. b3 Bd6 10. Bb2 Qe7 11. Re1 Ne4 12. Qc2 f5 13. Ne2 Qf6 14. Nf4 Bf7 15. Bf1 g5 16. Nd3 g4 17. hxg4 fxg4 18.
Nfe5 g3 19. f3 Bxe5 20. Nxe5 Qh4 21. Ng4 Nf2 0-1

[Event "Late-Titled-Tuesday-Blitz-November-28-2023"]
[Site "Chess.com"]
[Date "2023.11.28"]
[Round "4"]
[White "Teidi96"]
[Black "LastHeroJr"]
[Result "1-0"]
[WhiteElo "2284"]
[BlackElo "2445"]
[TimeControl "180+1"]
[EndTime "14:34:14 PST"]
[Termination "Teidi96 won by checkmate"]

1. e4 c6 2. d4 d5 3. exd5 cxd5 4. c4 Nf6 5. Nc3 e6 6. Nf3 Be7 7. cxd5 Nxd5 8. Bd3 O-O 9. O-O Nd7 10. Nxd5 exd5 11. Re1 Nf6 12. h3 a6 13. Ne5 Bd6 14. Bc2 Be6 15. Qd3 Ne4 16. f3 Nf6 17. Bg5 g6 18. a3 Rc8 19. Rac1 Be7 20. Bb3 Qb6 21. Bh6 Rfd8 22. Rxc8 Rxc8 23. Rc1 Rxc1+ 24. Bxc1 Bd6 25.
Kh1 Bxe5 26. dxe5 Nd7 27. f4 Nc5 28. Qd4 Qxb3 29. Qxc5 Qd1+ 30. Kh2 d4 31. f5 Bxf5 32.
Bh6 Qa4 33. Qf8# 1-0

[Event "Late-Titled-Tuesday-Blitz-November-28-2023"]
[Site "Chess.com"]
[Date "2023.11.28"]
[Round "4"]
[White "AlexPapasimakopoulos"]
[Black "VitorBronson"]
[Result "1-0"]
[WhiteElo "2679"]
[BlackElo "2510"]
[TimeControl "180+1"]
[EndTime "14:34:16 PST"]
[Termination "AlexPapasimakopoulos won by resignation"]

1. d4 d5 2. c4 c6 3. cxd5 cxd5 4. Bf4 Nc6 5. e3 Nf6 6. Nc3 a6 7. Bd3 Bg4 8. Nge2 e6 9. O-O Bd6 10. f3 Bh5 11. Rc1 O-O 12. Na4 Bg6 13. Nc5 Bxf4 14.
Nxf4 Qb6 15. Bxg6 hxg6 16. Nfd3 Rfd8 17. Rc3 Qc7 18. Qa4 Rac8 19. Rfc1 e5 20. dxe5 Nxe5 21. Nxa6 Qb6 22. Rxc8 Nxd3 23. Qd4 Rxc8 24. Rxc8+ Kh7 25.
Qxb6 1-0

[Event "Late-Titled-Tuesday-Blitz-November-28-2023"]
[Site "Chess.com"]
[Date "2023.11.28"]
[Round "4"]
[White "inagreV"]
[Black "grandemestregringo"]
[Result "0-1"]
[WhiteElo "2448"]
[BlackElo "2642"]
[TimeControl "180+1"]
[EndTime "14:34:33 PST"]
[Termination "grandemestregringo won by resignation"]

1. d4 f5 2. Qd3 Nf6 3. Qxf5 Nc6 4.
Qd3 e5 5. dxe5 Nxe5 6. Qb3 Qe7 7.
Nf3 Nxf3+ 8. gxf3 d5 9. Bg5 Qe5 10. f4 Qe4 11. Rg1 Bf5 12. Qxb7 d4 13. Bg2 Qxb7 14. Bxb7 Rb8 15. Bc6+ Kf7 16. Bxf6 Kxf6 17.
e4 dxe3 18. fxe3 Rxb2 19. e4 Rxc2 20. Bd5 Rc1+ 21. Kf2 Bc5+ 22. Kf3 Rxg1 23. exf5 Bd4 24. Nc3 Rxa1 25. Ne4+ Ke7 0-1

[Event "Late-Titled-Tuesday-Blitz-November-28-2023"]
[Site "Chess.com"]
[Date "2023.11.28"]
[Round "4"]
[White "Hypercar"]
[Black "elchacal664"]
[Result "1-0"]
[WhiteElo "2519"]
[BlackElo "2345"]
[TimeControl "180+1"]
[EndTime "14:34:37 PST"]
[Termination "Hypercar won by resignation"]

1. d4 e5 2. dxe5 Nc6 3. Nf3 Qe7 4. Nc3 Nxe5 5. Nxe5 Qxe5 6. g3 Bb4 7. Bd2 Nf6 8. Bg2 d5 9. O-O O-O 10. a3 Ba5 11.
Bf4 Bxc3 12. Bxe5 Bxe5 13. c3 c6 14. Qc2 g6 15. Rad1 Bf5 16. Qb3 Rab8 17. Qa4 a6 18. e3 Rfe8 19. h3 h5 20. Rd2 Ne4 21.
Bxe4 Bxe4 22. f3 Bf5 23. g4 hxg4 24. hxg4 Be6 25. Kg2 Kg7 26. Rh1 Rh8 27. Rdd1 f5 28. Rxh8 Rxh8 29. Rh1 Rf8 30. Qb4 Rf7 31. f4 d4 32.
fxe5 Bd5+ 33. Kg1 dxe3 34. gxf5 Rxf5 35. Rh2 Rg5+ 36. Kf1 Rf5+ 37. Ke1 Rg5 38. Qe7+ 1-0

[Event "Late-Titled-Tuesday-Blitz-November-28-2023"]
[Site "Chess.com"]
[Date "2023.11.28"]
[Round "4"]
[White "Schattman"]
[Black "JaackCamel"]
[Result "1-0"]
[WhiteElo "2419"]
[BlackElo "2035"]
[TimeControl "180+1"]
[EndTime "14:34:40 PST"]
[Termination "Schattman won by resignation"]

1. c4 e6 2. g3 d5 3. Bg2 c6 4.
Nf3 b5 5. b3 bxc4 6. bxc4 Nf6 7. O-O Be7 8. Qc2 O-O 9. d3 Nbd7 10. Bf4 h6 11. Nc3 Ne8 12. e4 Ndf6 13. Rfd1 d4 14. Ne2 c5 15. e5 Nd7 16. Nfxd4 cxd4 17. Bxa8 Nc5 18. Bg2 Nc7 19. Qb2 N7a6 20. Qxd4 Qa5 21.
Qc3 Qa4 22. d4 Nd7 23. Qb3 Qa5 24. c5 Nb4 25. Bd2 1-0

[Event "Late-Titled-Tuesday-Blitz-November-28-2023"]
[Site "Chess.com"]
[Date "2023.11.28"]
[Round "4"]
[White "GHANDEEVAM2003"]
[Black "The_Princess_Moon"]
[Result "1-0"]
[WhiteElo "3115"]
[BlackElo "2392"]
[TimeControl "180+1"]
[EndTime "14:34:41 PST"]
[Termination "GHANDEEVAM2003 won by resignation"]

1. b3 c5 2. Bb2 d6 3. e3 Nf6 4. d4 cxd4 5. exd4 g6 6. Nf3 Bg7 7.
Be2 O-O 8. O-O a6 9. c4 d5 10.
Nc3 Nc6 11. h3 Bf5 12. Re1 Rc8 13. a3 dxc4 14. bxc4 Na5 15. c5 Nd5 16. Qa4 Nc6 17. Nxd5 Qxd5 18. Bc4 Qd7 19. Rad1 Rfd8 20. Qb3 Rf8 21. Bc3 h5 22. d5 Nd8 23. Bxg7 Kxg7 24.
d6 e6 25. Ne5 Qc6 26. Nxc6 Rxc6 27. Qb2+ Kg8 28. Qe5 b6 29. d7 Rxc5 30. Qf4 Nc6 31. Bxa6 e5 32. Qh4 Rd8 33. Bb7 1-0

[Event "Late-Titled-Tuesday-Blitz-November-28-2023"]
[Site "Chess.com"]
[Date "2023.11.28"]
[Round "4"]
[White "zverr1"]
[Black "Sic_Transit_GM"]
[Result "1/2-1/2"]
[WhiteElo "2530"]
[BlackElo "2693"]
[TimeControl "180+1"]
[EndTime "14:34:43 PST"]
[Termination "Game drawn by repetition"]

1. e4 g6 2. d4 Bg7 3. Nc3 c6 4. Be3 Qb6 5. Rb1 d6 6. Nge2 Qa5 7. Qd2 Nf6 8. h3 h5 9. g3 Nbd7 10. Bg2 e5 11. O-O Qc7 12. Rbd1 O-O 13. f4 b5 14.
dxe5 dxe5 15. f5 b4 16. Na4 Ba6 17. fxg6 fxg6 18. Rf2 Rad8 19. Qxb4 Bb5 20. Nac3 Ba6 21.
Qd6 Qb7 22. Qe6+ Kh7 23. Qb3 Qc7 24. Qe6 Bc8 25. Qb3 Ba6 26. Qe6 Bc8 27. Qb3 Ba6 1/2-1/2